 Dungeon Crawl Stone Soup version 0.29-a0-1033-gb6c65ffae6 (webtiles) character file.

Game seed: 13417348716741911206

138 xian the Firebug (level 5, -2/25 HPs)
             Began as a Vine Stalker Wanderer on Aug 14, 2022.
             Slain by an orc
             ... wielding a +0 hand axe
              (4 damage)
             ... on level 3 of the Dungeon.
             The game lasted 00:10:25 (2853 turns).

xian the Firebug (Vine Stalker Wanderer)            Turns: 2853, Time: 00:10:27

Health: -2/25      AC:  3    Str: 14    XL:     5   Next: 21%
Magic:  0/10       EV: 11    Int: 13    God:
Gold:   129        SH:  0    Dex: 15    Spells: 5/9 levels left

rFire   . . .      SeeInvis .   l - +4 sling
rCold   . . .      Faith    .   (no shield)
rNeg    . . .      Spirit   +   d - +0 leather armour
rPois   .          Reflect  .   (no helmet)
rElec   .          Harm     .   (no cloak)
rCorr   .          Rampage  .   (no gloves)
Will    .....                   (no boots)
Stlth   ++........              (no amulet)
HPRegen 0.88/turn               (no ring)
MPRegen 0.12/turn               (no ring)

@: no status effects
A: fangs 2, regeneration 1, magic shield, antimagic bite, no potion heal 2
a: no special abilities


You were on level 3 of the Dungeon.
You visited 1 branch of the dungeon, and saw 3 of its levels.

You collected 129 gold pieces.

Inventory:

Hand Weapons
 j - a +0 short sword
 l - a +4 sling (weapon)
Missiles
 n - a throwing net
Armour
 d - a +0 leather armour (worn)
Wands
 b - a wand of polymorph (6)
Scrolls
 c - a scroll of fog
 h - 2 scrolls of teleportation {unknown}
 k - a scroll of magic mapping {unknown}
 o - a scroll of blinking {unknown}
Potions
 a - a potion of flight {unknown}
 e - a potion of degeneration {unknown}
 f - a potion of might {unknown}
 g - 2 potions of heal wounds {unknown}
 i - 2 potions of brilliance {unknown}
 m - a potion of curing {unknown}


   Skills:
 + Level 0.5 Fighting
 + Level 1.2 Staves
 + Level 2.1 Ranged Weapons
 + Level 0.5 Armour
 + Level 0.2 Dodging
 + Level 1.3 Stealth
 + Level 2.7 Spellcasting
 + Level 1.2 Conjurations
 + Level 3.4 Fire Magic
 + Level 3.2 Evocations


You had 5 spell levels left.
You knew the following spells:

 Your Spells              Type           Power      Damage    Failure   Level
a - Foxfire               Conj/Fire      28%        2x1d5     12%         1
b - Inner Flame           Hex/Fire       6%         N/A       41%         3

Your spell library contained the following spells:

 Spells                   Type           Power      Damage    Failure   Level
 Sticky Flame             Conj/Fire      7%         2d3       75%         4


Dungeon Overview and Level Annotations

Branches:
Dungeon (3/15)

Altars:

Shops:
D:2 (


Innate Abilities, Weirdness & Mutations

You have extremely sharp teeth.
Your natural rate of healing is unusually fast.
When hurt, damage is shared between your health and your magic reserves.
Your bite disrupts and absorbs the magic of your enemies.
Potions cannot restore your health.


Message History

The foxfire hits the orc.
The orc is moderately wounded.
The orc priest invokes the aid of Beogh against you.
Beogh smites you!
Casting: Foxfire (safe; 12% risk of failure)
Confirm with . or Enter, or press ? or * to list all spells.
You conjure some foxfire!
The orc closely misses you.
Casting: Foxfire (safe; 12% risk of failure)
Confirm with . or Enter, or press ? or * to list all spells.
You don't know that spell.
Sorry, you're not good enough to have a special ability.
Casting: Foxfire (safe; 12% risk of failure)
Confirm with . or Enter, or press ? or * to list all spells.
You don't have enough magic to cast this spell.
The orc attacks as you move away! The orc misses you.
The foxfire hits the orc.
The orc is heavily wounded.
The foxfire hits the orc.
The orc is heavily wounded.
The orc priest looks braver for a moment.
The orc throws a boomerang.
The boomerang misses you. The orc attacks as you move away!
The orc hits you but does no damage.
You shoot a sling bullet.
The sling bullet hits the orc but does no damage.
The orc is heavily wounded.
The orc hits you but does no damage. x2
You shoot a sling bullet. The sling bullet hits the orc.
You kill the orc!
The orc hits you but does no damage.
You shoot a sling bullet.
The sling bullet completely misses the orc.
The orc priest casts a cantrip, but nothing happens.
The orc hits you with a +0 hand axe.
You shoot a sling bullet. The sling bullet hits the orc.
The orc is lightly wounded.
The orc priest hits you from afar with a +0 trident.
The orc hits you with a +0 hand axe.
The orc priest hits you from afar with a +0 trident!
* * * LOW HITPOINT WARNING * * *
The orc hits you with a +0 hand axe.
You die...

#.#<# #.#
#########.#.#####.#
#...##............#
#.#..........######
#.###.#......# #.#
##.#.....### #.#
#.#.###o#.##
####.####.#.###)o..##
##..............@)...#
......####.#.##.#..)###
.#.##.)....#.##.......#
.#.##.####.#.#####.##.#
.#.##.# #.#.## #...#.#
.#.##.# #....###...#.#
.#.##.#
#.......<....######
.#.##.#
#.....<...........#
.#....#
#............####.######


You could see an orc priest and an orc.

Vanquished Creatures
  4 adders
  6 worms
  4 dart slugs (D:1)
  2 orcs (D:3)
  5 ball pythons
  8 endoplasms
  7 giant cockroaches
  7 goblins
  5 hobgoblins
  5 jackals
  6 bats
  2 frilled lizards
  6 kobolds
  5 rats
72 creatures vanquished.

Vanquished Creatures (others)
  118 foxfires
118 creatures vanquished.

Grand Total: 190 creatures vanquished

Notes
Turn   | Place    | Note
-------+----------+-------------------------------------------
     0 | D:1      | xian the Vine Stalker Wanderer began the quest for the Orb.
     0 | D:1      | xian set off with the following items: a +0 quarterstaff, a
                  | wand of polymorph (6), a scroll of fog, a +0 leather
                  | armour; and the following spell memorised: Foxfire; and the
                  | following spells available to memorise: Inner Flame, Sticky
                  | Flame.
     0 | D:1      | Reached XP level 1. HP: 9/9 MP: 4/4
   154 | D:1      | Reached XP level 2. HP: 8/13 MP: 1/6
   946 | D:1      | Reached XP level 3. HP: 14/16 MP: 3/7
   986 | D:1      | Found a faded altar of an unknown god.
  1350 | D:1      | Reached skill level 1 in Conjurations
  1610 | D:2      | Learned a level 3 spell: Inner Flame
  1783 | D:2      | Gained mutation: Your natural rate of healing is unusually
                  | fast. [Vine Stalker growth]
  1783 | D:2      | Reached XP level 4. HP: 18/21 MP: 1/9
  2299 | D:2      | Reached skill level 1 in Ranged Weapons
  2306 | D:2      | Found Faighe's Weapon Boutique.
  2617 | D:3      | Reached XP level 5. HP: 23/25 MP: 10/10
  2853 | D:3      | Slain by an orc

Illustrated notes

Levels and vault maps discovered:
D:1:      mrwooster_arrival_statue_3, layout_loops_ring, basic_ecumenical_altar,
          bh_walls_and_bars
D:2:      minmay_chambers_of_twos, layout_basic, serial_glass, glass_columns_b,
          glass_columns_c, glass_columns_c, glass_columns_a, glass_columns_a,
          glass_columns_c, glass_columns_b, glass_columns_a, glass_columns_c,
          glass_columns_c, glass_columns_a, glass_columns_c, glass_columns_a,
          glass_columns_a, serial_shops, shop_fountains, solitary_fountain
D:3:      layout_loops_ring, serial_park_tiny_pond,
          dilly_guarded_unrand_throatcut

Skill      XL: |  1  2  3  4  5 |
---------------+----------------+-----
Evocations     | 3 |  3.2
Conjurations   | 1 |  1.2
Ranged Weapons | 1 2 |  2.1
Fighting       | |  0.5
Staves         | |  1.2
Armour         | |  0.5
Dodging        | |  0.2
Stealth        | |  1.3
Spellcasting   | |  2.7
Fire Magic     | |  3.4

Action                   |  1- 3 |  4- 6 || total
-------------------------+-------+-------++-------
Melee: Quarterstaff      |    34 |     2 ||    36
       Bite              |     3 |     2 ||     5
 Fire: Sling             |       |   115 ||   115
 Cast: Foxfire           |    58 |    16 ||    74
Armor: Leather armour    |    18 |    30 ||    48
Dodge: Dodged            |    38 |    56 ||    94

Table legend: (Time is in decaauts)
 A = Elapsed time spent in this place.
 B = Non-inter-level travel time spent in this place.
 C = Inter-level travel time spent in this place.
 D = Time resting spent in this place.
 E = Time spent auto-exploring this place.
 F = Levels seen in this place.
 G = Mean time per level.
                   A        B        C        D        E       F      G
               +--------+--------+--------+--------+--------+-----+--------+
         Total |   2903 |   2888 |     15 |      0 |   2255 |   3 |  967.7 |
       Dungeon |   2903 |   2888 |     15 |      0 |   2255 |   3 |  967.7 |
               +--------+--------+--------+--------+--------+-----+--------+

Top non-repeatable levels by time:
     D:1: 1514 daAuts
     D:2: 992 daAuts
     D:3: 396 daAuts
